 Dungeon Crawl Stone Soup version 0.29-a0-39-g581ba40fa7 (webtiles) character file.

Game seed: 8237340696264913233

1527 Grim the Zephyrmancer (level 8, -1/41 HPs)
             Began as a Tengu Air Elementalist on Jan 31, 2022.
             Slain by an orc warrior (21 damage)
             ... on level 6 of the Dungeon.
             The game lasted 00:15:58 (8083 turns).

Grim the Zephyrmancer (Tengu Air Elementalist)      Turns: 8083, Time: 00:15:58

Health: -1/41      AC:  3    Str:  9    XL:     8   Next: 85%
Magic:  5/12       EV: 14    Int: 18    God:
Gold:   346        SH:  0    Dex: 14    Spells: 1/11 levels left

rFire   . . .      SeeInvis +   o - +4 quarterstaff (chaos)
rCold   . . .      Faith    .   (shield currently unavailable)
rNeg    . . .      Spirit   .   a - +0 robe
rPois   .          Reflect  .   (helmet restricted)
rElec   .          Harm     .   p - +0 cloak
rCorr   .          Rampage  .   (no gloves)
Will    .....                   (boots unavailable)
Stlth   ++........              w - amulet of the acrobat
HPRegen 0.13/turn               f - ring of see invisible
MPRegen 0.13/turn               (no ring)

@: flying quickly and evasively, quick
A: beak, talons 3, nimble flight
a: no special abilities


You were on level 6 of the Dungeon.
You visited 2 branches of the dungeon, and saw 7 of its levels.

You collected 346 gold pieces.

Inventory:

Hand Weapons
 k - a +1 dagger of speed
 o - a +4 quarterstaff of chaos (weapon)
Missiles
 g - 12 javelins (quivered)
 q - 3 boomerangs
 r - a throwing net
Armour
 a - a +0 robe (worn)
 p - a +0 cloak (worn)
Jewellery
 f - a ring of see invisible (left hand)
 w - an amulet of the acrobat (around neck)
Scrolls
 c - a scroll of enchant weapon {unknown}
 h - a scroll of magic mapping {unknown}
 i - 2 scrolls of teleportation {unknown}
 j - a scroll of vulnerability {unknown}
 m - a scroll of summoning {unknown}
 u - a scroll of amnesia {unknown}
 x - a scroll of fear {unknown}
 y - a scroll of enchant armour {unknown}
 A - a scroll of noise {unknown}
Potions
 b - a potion of invisibility
 d - a potion of magic {unknown}
 l - 2 potions of attraction
 n - 2 potions of lignification
 s - a potion of might {unknown}
 t - 2 potions of brilliance
 v - 2 potions of degeneration {unknown}
 z - a potion of heal wounds {unknown}


   Skills:
 - Level 3.0 Staves
 - Level 2.1 Dodging
 - Level 2.0 Stealth
 - Level 2.0 Spellcasting
 + Level 9.6 Conjurations
 + Level 10.3 Air Magic


You had one spell level left.
You knew the following spells:

 Your Spells              Type           Power      Damage    Failure   Level
a - Shock                 Conj/Air       100%       1d9       1%          1
b - Static Discharge      Conj/Air       37%        N/A       1%          2
c - Airstrike             Air            19%        N/A       2%          4
d - Swiftness             Air            39%        N/A       1%          3

Your spell library contained the following spells:

 Spells                   Type           Power      Damage    Failure   Level
 Leda's Liquefaction      Hex/Erth       0%         N/A       87%         4
 Lee's Rapid Deconstruct  Erth           0%         3d5*      99%         5
 Statue Form              Tmut/Erth      0%         N/A       100%        6


Dungeon Overview and Level Annotations

Branches:
Dungeon (6/15)             Temple (1/1) D:5

Altars:
Cheibriados
Fedhas
Gozag
Kikubaaqudgha
Makhleb
Okawaru
Ru
Sif Muna
Uskayaw
Wu Jian
Yredelemnul

Annotations:
D:3 3 runed translucent doors
D:5 1 runed translucent door, Pikel; confidenceinterval's ghost, amateur GrEE


Innate Abilities, Weirdness & Mutations

You have a beak for a mouth.
You have claws for feet.
Your magical nature lets you fly swiftly and evasively.


Message History

Confirm with . or Enter, or press ? or * to list all spells.
Aiming: Shock (safe; 1% risk of failure)
Press: ? - help, Shift-Dir - straight line, f - orc warrior
Aim: an orc warrior, wielding a +0 long sword and wearing a +0 chain mail (moderately wounded, 71% to hit)
The zap hits the orc priest but does no damage.
The orc priest is heavily wounded.
The zap hits the orc warrior.
The orc warrior is heavily wounded.
The zap hits the orc warrior.
The orc warrior is heavily wounded.
Casting: Shock (safe; 1% risk of failure)
Confirm with . or Enter, or press ? or * to list all spells.
Aiming: Shock (safe; 1% risk of failure)
Press: ? - help, Shift-Dir - straight line, f/p - orc warrior
Aim: an orc warrior, wielding a +0 long sword and wearing a +0 chain mail (heavily wounded, 71% to hit)
The zap misses the orc warrior.
The zap hits the orc priest!
The orc priest is almost dead.
The zap hits the orc priest.
You kill the orc priest!
Casting: Shock (safe; 1% risk of failure)
Confirm with . or Enter, or press ? or * to list all spells.
You don't know that spell.
Casting: Shock (safe; 1% risk of failure)
Confirm with . or Enter, or press ? or * to list all spells.
The orc warrior is struck by an arc of lightning.
The orc warrior is heavily wounded.
You are struck by an arc of lightning.
The orc warrior is struck by an arc of lightning.
The orc warrior is severely wounded.
The lightning grounds out.
The orc warrior hits you with a +0 long sword!
* * * LOW HITPOINT WARNING * * *
Casting: Static Discharge (safe; 1% risk of failure)
Confirm with . or Enter, or press ? or * to list all spells.
The orc warrior is struck by an arc of lightning.
The orc warrior is severely wounded.
The lightning grounds out.
The orc warrior hits you with a +0 long sword!!
Ouch! That really hurt!
You die...

#.....# ##..#
#.....# ##.##
#.....# #... ....#
### #.....# ####
..... ... ##.....#
...... #.###......#
.<.... #..........#
.....# ####..#.....#
?<....##oo@....#####
#....###....#
#..####.....#
######..(##..#### .
................. ..
..###........## ...
....o.#..c$## ##..#
##...####o.###...#
#....o.c.......#


You could see an orc warrior and an orc.

Vanquished Creatures
  Sigmund (D:2)
  A necrophage (D:5)
  An ice beast (D:6)
  A sky beast (D:5)
  2 lemures (D:5)
  A centaur (D:5)
  6 scorpions
  2 howler monkeys (D:4)
  A bullfrog zombie (D:5)
  An orc priest (D:6)
  5 hounds
  Crazy Yiuf (D:2)
  2 iguanas (D:6)
  Natasha (thrice) (D:2)
  A scorpion zombie (D:5)
  2 orc wizards
  Robin (D:2)
  3 gnolls (D:3)
  4 adders
  A white imp (D:6)
  An adder skeleton (D:4)
  A worm (D:2)
  8 orcs
  5 ball pythons
  A bat (D:2)
  6 endoplasms
  4 giant cockroaches
  9 goblins
  9 hobgoblins
  2 jackals (D:1)
  4 quokkas
  A frilled lizard (D:3)
  5 kobolds
  4 rats
100 creatures vanquished.

Vanquished Creatures (others)
  2 plants (D:4)
2 creatures vanquished.

Grand Total: 102 creatures vanquished

Notes
Turn   | Place    | Note
-------+----------+-------------------------------------------
     0 | D:1      | Grim the Tengu Air Elementalist began the quest for the
                  | Orb.
     0 | D:1      | Reached XP level 1. HP: 10/10 MP: 4/4
   348 | D:1      | Reached XP level 2. HP: 15/15 MP: 4/6
   697 | D:2      | Learned a level 2 spell: Static Discharge
   965 | D:2      | Noticed Robin
  1055 | D:2      | Reached XP level 3. HP: 7/19 MP: 3/7
  1277 | D:2      | Killed Robin
  1278 | D:2      | Reached skill level 5 in Air Magic
  1322 | D:2      | Noticed Sigmund
  1405 | D:2      | Noticed Natasha
  1413 | D:2      | Killed Natasha
  1414 | D:2      | Reached XP level 4. HP: 24/24 MP: 3/8
  2011 | D:2      | Killed Sigmund
  2012 | D:2      | Reached skill level 5 in Conjurations
  2012 | D:2      | Reached skill level 6 in Air Magic
  2012 | D:2      | Gained mutation: Your magical nature lets you fly swiftly
                  | and evasively. [Tengu growth]
  2012 | D:2      | Reached XP level 5. HP: 10/28 MP: 5/9
  2012 | D:2      | Reached XP level 6. HP: 12/32 MP: 5/10
  2377 | D:2      | Noticed Natasha
  2387 | D:2      | Killed Natasha
  2494 | D:2      | Found a runed translucent door.
  2495 | D:2      | Noticed Crazy Yiuf
  2600 | D:2      | Noticed Natasha
  2602 | D:2      | Killed Natasha
  2603 | D:2      | Reached skill level 7 in Air Magic
  2741 | D:3      | Found a runed translucent gate.
  2741 | D:3      | Found a runed translucent gate.
  2741 | D:3      | Found a runed translucent gate.
  2788 | D:2      | Killed Crazy Yiuf
  3401 | D:3      | Found a faded altar of an unknown god.
  3429 | D:3      | Reached skill level 1 in Staves
  3880 | D:3      | Identified the +10 dagger "Woddat" {vorpal, rF+++ rC+ Str-3
                  | Int+3}
  3968 | D:4      | Reached XP level 7. HP: 35/36 MP: 2/11
  4054 | D:4      | Found a burning altar of Makhleb.
  4851 | D:4      | Reached skill level 8 in Air Magic
  5291 | D:5      | Entered Level 5 of the Dungeon
  5395 | D:5      | Learned a level 4 spell: Airstrike
  5399 | D:5      | Learned a level 3 spell: Swiftness
  5442 | D:5      | Found a staircase to the Ecumenical Temple.
  5452 | Temple   | Entered the Ecumenical Temple
  5775 | D:5      | Reached XP level 8. HP: 41/41 MP: 6/12
  5878 | D:5      | Reached skill level 9 in Air Magic
  6177 | D:5      | Found a runed translucent door.
  6304 | D:5      | Noticed confidenceinterval's ghost (amateur GrEE)
  6462 | D:5      | Noticed Pikel
  7836 | D:5      | Reached skill level 10 in Air Magic
  8083 | D:6      | Slain by an orc warrior

Illustrated notes

Levels and vault maps discovered:
D:1:      lemuel_arrival_lava_pool, layout_rooms, minmay_misc_feat_x,
          hex_intersection
D:2:      layout_basic, minmay_close_crescents, uniq_robin, uniq_natasha,
          uniq_sigmund, uniq_crazy_yiuf_cottage
D:3:      layout_rooms, mainiacjoe_overflow_catwalk, ebering_ghost_rock_garden,
          serial_co_window_serial, co_window_paths_a, co_window_corner_a,
          co_window_corner_a, co_window_paths_a, co_window_paths_a,
          co_window_unsneaky_path_b, co_window_2corner, co_window_corner_b,
          co_window_2corner, co_window_broadway_a, co_window_4corner_b,
          glass_columns_b, hellmonk_ecumenical_altar_arch_garden, serial_shops,
          nicolae_shop_stone
D:4:      layout_loops_ring, mainiacjoe_overflow_chevrons
D:5:      layout_loops_ring, minmay_temple_entry_butterflies,
          ebering_ghost_sewer_d, uniq_pikel
D:6:      layout_rooms, ebering_ghost_reflecting_pool
Temple:   cyrus_temple_forest

Skill      XL: |  1  2  3  4  5  6  7  8 |
---------------+-------------------------+-----
Conjurations   | 2 3 5 6 7 9 |  9.6
Air Magic      | 5 6 7 8 10 | 10.3
Staves         | 2 3 |  3.0
Dodging        | |  2.1
Stealth        | |  2.0
Spellcasting   | |  2.0

Action                   |  1- 3 |  4- 6 |  7- 9 || total
-------------------------+-------+-------+-------++-------
Melee: Unarmed           |     2 |       |       ||     2
       Kick              |     1 |     1 |     1 ||     3
       Dagger            |       |     2 |       ||     2
       Peck              |       |     1 |     1 ||     2
       Quarterstaff      |       |       |     4 ||     4
Throw: Javelin           |     1 |       |     6 ||     7
 Cast: Shock             |    54 |    77 |   106 ||   237
       Static Discharge  |       |     4 |    19 ||    23
       Airstrike         |       |       |     2 ||     2
  Use: Scroll            |       |       |     3 ||     3
Armor: Robe              |     2 |       |     7 ||     9
Dodge: Dodged            |    10 |     6 |    31 ||    47

Table legend: (Time is in decaauts)
 A = Elapsed time spent in this place.
 B = Non-inter-level travel time spent in this place.
 C = Inter-level travel time spent in this place.
 D = Time resting spent in this place.
 E = Time spent auto-exploring this place.
 F = Levels seen in this place.
 G = Mean time per level.
                   A        B        C        D        E       F      G
               +--------+--------+--------+--------+--------+-----+--------+
         Total |   7845 |   7597 |    248 |   4194 |   2397 |   7 | 1120.7 |
       Dungeon |   7769 |   7557 |    212 |   4194 |   2363 |   6 | 1294.8 |
        Temple |     76 |     40 |     36 |      0 |     34 |   1 |   76.0 |
               +--------+--------+--------+--------+--------+-----+--------+

Top non-repeatable levels by time:
     D:2: 2513 daAuts
     D:5: 2089 daAuts
     D:4: 1285 daAuts
     D:3: 772 daAuts
     D:1: 586 daAuts
     D:6: 522 daAuts
  Temple: 76 daAuts
